 Dungeon Crawl Stone Soup version 0.18-a0-1718-g40ea4b6 (webtiles) character file.

1522 namelastname112 the Ruffian (level 8, -8/75 HPs)
             Began as a Naga Monk on Apr 8, 2016.
             Mangled by an ice beast (11 damage)
             ... on level 5 of the Dungeon.
             The game lasted 00:07:29 (6086 turns).

namelastname112 the Ruffian (Naga Monk)             Turns: 6086, Time: 00:07:30

Health: -8/75      AC:  4    Str: 15      XL:     8   Next: 84%
Magic:  8/8        EV:  7    Int: 11      God:
Gold:   174        SH:  0    Dex:  5 (14) Spells: 0 memorised, 7 levels left

rFire  . . .     SeeInvis +     v - +2 whip (elec)
rCold  . . .     Gourm    .     i - +0 leather armour (curse)
rNeg   . . .     Faith    .     (no shield)
rPois  +         Spirit   .     (no helmet)
rElec  .         Dismiss  .     (no cloak)
rCorr  .         Reflect  .     (no gloves)
SustAt .         Harm     .     (no barding)
MR     +....                    (no amulet)
Stlth  ++........               (no ring)
                                k - -2 ring of evasion (curse)

@: very slow, somewhat resistant to hostile enchantments, unstealthy
A: see invisible, deformed body, poison resistance, slowness 2, slow metabolism
1, spit poison 2, AC +2
a: Spit Poison


You were on level 5 of the Dungeon.
You were not hungry.

You visited 1 branch of the dungeon, and saw 5 of its levels.

You collected 174 gold pieces.

Inventory:

Hand Weapons
 v - a +2 whip of electrocution (weapon)
Armour
 i - a cursed +0 leather armour (worn)
 r - a +0 buckler
Jewellery
 k - a cursed -2 ring of evasion (left hand)
Wands
 m - a wand of disintegration (0/24)
Scrolls
 a - a scroll of random uselessness {unknown}
 c - a scroll of remove curse {unknown}
 d - 2 scrolls of enchant weapon {unknown}
 g - a scroll of fear {unknown}
 h - a scroll of recharging {unknown}
 p - a scroll of amnesia {unknown}
 q - a scroll of identify {unknown}
 t - a scroll of teleportation {unknown}
 u - a scroll of magic mapping {unknown}
Books
 n - a book of Ice

   Spells                             Type                      Level
   a - Ice Form                       Ice/Transmutation            4
   b - Metabolic Englaciation         Hexes/Ice                    5
   c - Ozocubu's Refrigeration        Ice                          6
   d - Bolt of Cold                   Conjuration/Ice              6
   e - Freezing Cloud                 Conjuration/Ice/Air          6
   f - Simulacrum                     Ice/Necromancy               6
 x - a book of Clouds

   Spells                             Type                      Level
   a - Mephitic Cloud                 Conjuration/Poison/Air       3
   b - Conjure Flame                  Conjuration/Fire             3
   c - Poisonous Cloud                Conjuration/Poison/Air       6
   d - Freezing Cloud                 Conjuration/Ice/Air          6
   e - Ring of Flames                 Charms/Fire                  7
Comestibles
 b - 4 bread rations
 f - a slice of pizza
 j - 2 meat rations
 l - a fruit
 s - a beef jerky


   Skills:
 + Level 5.4 Fighting
 + Level 3.5 Armour
 + Level 4.1 Dodging
 - Level 3.0 Stealth
 + Level 2.7 Shields
 * Level 7.8 Unarmed Combat


You had 7 spell levels left.
You didn't know any spells.

Dungeon Overview and Level Annotations

Branches:
Dungeon (5/15)
 Temple: D:4-7

Altars:
Ashenzari
Elyvilon
Makhleb
Yredelemnul

Shops:
D:5 *


Innate Abilities, Weirdness & Mutations

You cannot wear boots.
Your serpentine skin is tough (AC +2).
You have supernaturally acute eyesight.
Armour fits poorly on your strangely shaped body.
Your system is resistant to poisons.
You cover ground very slowly.
You have a slow metabolism.
You can spit poison.


Message History

Wield which item (- for none, * to show all)? (? for menu, Esc to quit)
You hear the crackle of electricity.
v - a +2 whip of electrocution (weapon)
You closely miss the ice beast.
The ice beast is moderately wounded.
The ice beast hits you but does no damage.
The ice beast hits you.
* * * LOW HITPOINT WARNING * * *
The ice beast freezes you!
* * * LOW HITPOINT WARNING * * *
You closely miss the ice beast.
The ice beast is moderately wounded.
The ice beast hits you but does no damage.
You barely miss the ice beast.
The ice beast is moderately wounded.
You have got your breath back.
The ice beast hits you.
* * * LOW HITPOINT WARNING * * *
The ice beast freezes you!
You die...

#########################
......sY@................
.....##################..
### ####.#
###########....#
..).........####
#.......#### #
#######.### # #...#####
###<..##.


You could see an ice beast and a scorpion.

Vanquished Creatures
  The ghost of George the Skirmisher, a novice FoFi (D:4)
  Grinder (D:5)
  Eustachio (D:5)
  A sky beast (D:5)
  A centaur (D:5)
  An ogre (D:4)
  A scorpion (D:4)
  2 crimson imps (D:5)
  A giant frog zombie (D:5)
  2 hounds
  A gnoll shaman (D:5)
  3 orc wizards
  Ijyb (D:2)
  An iguana (D:5)
  2 worker ants
  A howler monkey skeleton (D:3)
  4 gnolls (D:5)
  4 adders
  An adder zombie (D:4)
  3 worms
  3 dart slugs (D:1)
  2 giant geckos
  13 orcs
  5 giant cockroaches
  10 goblins
  10 hobgoblins
  20 jackals
  4 kobolds
  A quokka (D:5)
  2 ball pythons
  6 bats
  A giant newt (D:3)
  8 rats
118 creatures vanquished.

Notes
Turn   | Place    | Note
--------------------------------------------------------------
     0 | D:1      | namelastname112 the Naga Monk began the quest for the Orb.
     0 | D:1      | Reached XP level 1. HP: 21/21 MP: 1/1
   223 | D:1      | Reached XP level 2. HP: 28/28 MP: 2/2
   627 | D:1      | Reached skill level 1 in Armour
   661 | D:1      | Reached XP level 3. HP: 33/34 MP: 3/3
  1397 | D:2      | Noticed Ijyb
  1412 | D:2      | Killed Ijyb
  1412 | D:2      | Reached XP level 4. HP: 22/42 MP: 4/4
  1413 | D:2      | Found a shattered altar of Ashenzari.
  1957 | D:3      | Reached XP level 5. HP: 36/49 MP: 5/5
  2132 | D:3      | Reached skill level 5 in Unarmed Combat
  3604 | D:4      | Noticed George's ghost (novice FoFi)
  3619 | D:4      | HP: 2/50 [George's ghost (14)]
  3621 | D:4      | Killed George's ghost
  3621 | D:4      | Reached skill level 1 in Shields
  3621 | D:4      | Reached XP level 6. HP: 4/57 MP: 6/6
  3621 | D:4      | Reached XP level 7. HP: 5/64 MP: 7/7
  4058 | D:4      | Reached skill level 6 in Unarmed Combat
  4410 | D:4      | Found a basalt altar of Yredelemnul.
  4689 | D:5      | Entered Level 5 of the Dungeon
  4712 | D:5      | Noticed Grinder
  4764 | D:5      | Paralysed by Grinder for 2 turns
  4768 | D:5      | Killed Grinder
  4768 | D:5      | Reached skill level 7 in Unarmed Combat
  4768 | D:5      | Reached XP level 8. HP: 73/73 MP: 8/8
  4849 | D:5      | Found Jofiv's Assorted Antiques.
  5253 | D:5      | Found a burning altar of Makhleb.
  5258 | D:5      | Noticed Eustachio
  5266 | D:5      | Reached skill level 5 in Fighting
  5338 | D:5      | Found a white marble altar of Elyvilon.
  5540 | D:5      | HP: 1/74 [river rat[Eustachio] (6)]
  5546 | D:5      | HP: 1/74 [bat[Eustachio] (1)]
  5551 | D:5      | HP: 1/74 [bat[Eustachio] (1)]
  5895 | D:5      | Killed Eustachio
  6084 | D:5      | HP: 3/75 [ice beast (14)]
  6086 | D:5      | Mangled by an ice beast

Vault maps used:
D:1:      lightli_arrival_farm, minivault_24, nrook_mini_backslash
D:2:      evilmike_ruin_ashenzari, uniq_iyjb
D:3:      corexii_shack_village, first_bread, minmay_misc_feat_columns
D:4:      kennysheep_mini_moat, minmay_misc_feat_five, kennysheep_generic_room_4
D:5:      bloody_makhleb, basic_altar, serial_shops,
          nicolae_shop_competitors_out_of_business, uniq_grinder, uniq_eustachio

Skill      XL: |  1  2  3  4  5  6  7  8 |
---------------+-------------------------+-----
Armour         | 1 2 3 |  3.5
Unarmed Combat | 5 7 |  7.8
Fighting       | 4 5 |  5.4
Dodging        | 3 4 |  4.1
Shields        | 1 2 |  2.7
Stealth        | |  3.0

Action                   |  1- 3 |  4- 6 |  7- 9 || total
-------------------------+-------+-------+-------++-------
Melee: Unarmed           |    96 |   192 |    76 ||   364
       Whip              |       |       |    86 ||    86
 Abil: Spit Poison       |     8 |     8 |    20 ||    36
Evoke: Wand              |       |     4 |       ||     4
  Use: Potion            |       |     1 |     5 ||     6
 Stab: Sleeping          |     2 |     4 |     3 ||     9
  Eat: Chunk             |       |     7 |     8 ||    15
